 Dungeon Crawl Stone Soup version 0.25.1-2-g60ff931df9 (webtiles) character file.

Game seed: 6668965945261670875

18 pokeman the Magician (level 2, -2/16 HPs)
             Began as a Deep Elf Wizard on Oct 6, 2020.
             Slain by a hobgoblin (5 damage)
             ... on level 2 of the Dungeon.
             The game lasted 00:01:38 (893 turns).

pokeman the Magician (Deep Elf Wizard)               Turns: 893, Time: 00:01:39

Health: -2/16      AC:  3    Str:  4    XL:     2   Next: 51%
Magic:  1/9        EV: 13    Int: 22    God:
Gold:   36         SH:  0    Dex: 13    Spells: 9/10 levels left

rFire    . . .     SeeInvis .   o - -2 short sword (curse)
rCold    . . .     Gourm    .   (no shield)
rNeg     . . .     Faith    .   a - +0 robe
rPois    .         Spirit   .   b - +0 hat
rElec    .         Reflect  .   (no cloak)
rCorr    .         Harm     .   c - +0 pair of gloves
MR       .....                  (no boots)
Stlth    ++........             (no amulet)
HPRegen  0.05/turn              (no ring)
MPRegen  0.11/turn              (no ring)

@: no status effects
A: no striking features
a: no special abilities


You were on level 2 of the Dungeon.
You were not hungry.

You visited 1 branch of the dungeon, and saw 2 of its levels.

You collected 36 gold pieces.

Inventory:

Hand Weapons
 o - a cursed -2 short sword (weapon)
Missiles
 l - 25 bolts
Armour
 a - a +0 robe (worn)
 b - a +0 hat (worn)
 c - a +0 pair of gloves (worn)
 e - a +0 buckler
Scrolls
 h - a scroll of enchant armour {unknown}
 i - a scroll of enchant weapon {unknown}
 m - a scroll of amnesia {unknown}
 p - 3 scrolls of identify {unknown}
 r - a scroll of remove curse {unknown}
Potions
 g - 3 potions of curing {unknown}
 j - a potion of might {unknown}
 k - a potion of berserk rage {unknown}
 n - a potion of heal wounds {unknown}
 q - a potion of degeneration {unknown}
Comestibles
 d - 4 rations
 f - a chunk of flesh


   Skills:
 + Level 0.5 Fighting
 + Level 0.5 Armour
 - Level 2.4 Dodging
 - Level 2.4 Stealth
 * Level 4.9 Spellcasting
 + Level 1.5 Conjurations
   Level 1.1 Summonings
   Level 1.1 Translocations


You had 9 spell levels left.
You knew the following spells:

 Your Spells              Type           Power        Failure   Level  Hunger
a - Magic Dart            Conj           ##..         5%          1    None

Your spell library contained the following spells:

 Spells                   Type           Power        Failure   Level  Hunger
 Blink                    Tloc           N/A          10%         2    None
 Call Imp                 Summ           ##......     10%         2    None
 Slow                     Hex            #.......     16%         2    None
 Conjure Flame            Conj/Fire      #.......     22%         3    ##.....
 Mephitic Cloud           Conj/Pois/Air  #.......     26%         3    ##.....


Dungeon Overview and Level Annotations

Branches:
Dungeon (2/15)

Altars:
Hepliaklqana


Message History

The hobgoblin is almost dead.
The hobgoblin closely misses you.
You hit the hobgoblin but do no damage.
The hobgoblin is almost dead.
The hobgoblin barely misses you.
You completely miss the hobgoblin.
The hobgoblin is almost dead.
The hobgoblin closely misses you.
The hobgoblin hits you but does no damage.
You hit the hobgoblin but do no damage.
The hobgoblin is almost dead.
The hobgoblin misses you.
You hit the hobgoblin but do no damage.
The hobgoblin is almost dead.
The hobgoblin hits you.
* * * LOW HITPOINT WARNING * * *
You barely miss the hobgoblin.
The hobgoblin is almost dead.
The hobgoblin hits you.
You die...

##.#.........(.#####
...#...<......##
.##...#####_..#
##....# #.#.###
...#.## ...#...#
.###.# #.# ###.# #
##.###..# #.## #
#..#...# #..# #.#..#
##@# #...## #g#
##.### #s. ##..#
##.# #...# .# #...#
.# ...## .# ..## .#
..#


You could see a giant cockroach and a hobgoblin.

Vanquished Creatures
  An ooze (D:1)
  A giant cockroach (D:2)
  3 goblins
  2 hobgoblins
  A quokka (D:2)
  2 bats
  A frilled lizard (D:1)
  3 rats (D:2)
14 creatures vanquished.

Notes
Turn   | Place    | Note
-------+----------+-------------------------------------------
     0 | D:1      | pokeman the Deep Elf Wizard began the quest for the Orb.
     0 | D:1      | Reached XP level 1. HP: 10/10 MP: 7/7
   224 | D:1      | Reached XP level 2. HP: 16/16 MP: 7/9
   808 | D:2      | Found a hazy altar of Hepliaklqana.
   893 | D:2      | Slain by a hobgoblin

Illustrated notes

Levels and vault maps discovered:
D:1:      tarquinn_simple_flora_water_e, layout_rooms, hangedman_decor_push
D:2:      layout_rooms, old_standard_altar, marbit_many_paths,
          overflow_temple_1_default, minmay_split_cup_large

Action                   || total
-------------------------++-------
Melee: Short sword       ||    10
 Cast: Magic Dart        ||    43
Armor: Robe              ||     2
Dodge: Dodged            ||    12
